 Dungeon Crawl Stone Soup version 0.27-a0-1230-gfc7c993222 (webtiles) character file.

Game seed: 8534283175818521210

6507 Delamore the Spear-Bearer (level 11, -7/71 HPs)
             Began as a Formicid Fighter on June 8, 2021.
             Was a High Priest of Hepliaklqana.
             Killed from afar by an oklob plant (9 damage)
             ... with a splash of acid
             ... on level 1 of the Lair of Beasts.
             The game lasted 00:11:37 (10764 turns).

Delamore the Spear-Bearer (Formicid Fighter)       Turns: 10764, Time: 00:11:37

Health: -7/71      AC:  6    Str: 31    XL:     11   Next: 19%
Magic:  0/11       EV: 10    Int:  7    God:    Hepliaklqana [*****.]
Gold:   1576       SH: 12    Dex: 10    Spells: 10/10 levels left

rFire    + . .     SeeInvis +   a - +1 trident (vorpal)
rCold    + . .     Faith    .   c - +1 kite shield
rNeg     + . .     Spirit   +   e - +0 swamp dragon scales
rPois    +         Reflect  .   (helmet unavailable)
rElec    .         Harm     .   A - scarf {rC+ rF+}
rCorr    .         Rampage  .   w - +0 pair of gloves
Will     +....                  (no boots)
Stlth    ..........             o - amulet of guardian spirit
HPRegen  0.21/turn              B - ring of positive energy
MPRegen  0.12/turn              b - +6 ring of strength

@: corroded
A: reduced essence, permanent stasis, dig shafts and tunnels, antennae 3, four
strong arms
a: Dig, Shaft Self, Renounce Religion, Recall Ancestor, Ancestor Identity,
Transference, Idealise


You were on level 1 of the Lair of Beasts.
You worshipped Hepliaklqana.
Hepliaklqana was extremely pleased with you.
You visited 2 branches of the dungeon, and saw 10 of its levels.

You collected 1671 gold pieces.
You spent 95 gold pieces at shops.

Inventory:

Hand Weapons
 a - a +1 vorpal trident (weapon)
Missiles
 f - 12 boomerangs
 r - 52 poisoned darts (quivered)
Armour
 c - a +1 kite shield (worn)
 e - +0 swamp dragon scales (worn)
 w - a +0 pair of gloves (worn)
 A - a scarf of resistance (worn)
Jewellery
 b - a +6 ring of strength (right hand)
 o - an amulet of guardian spirit (around neck)
 B - a ring of positive energy (left hand)
Wands
 k - a wand of paralysis (10)
 l - a wand of polymorph (23)
 m - a wand of acid (5)
Scrolls
 j - a scroll of fog
 q - 2 scrolls of magic mapping
 s - 5 scrolls of immolation
 u - a scroll of enchant armour
 x - 3 scrolls of amnesia
 z - a scroll of enchant weapon
Potions
 d - 2 potions of might
 g - a potion of heal wounds
 h - 3 potions of attraction
 i - 5 potions of degeneration
 n - 2 potions of haste
 p - a potion of mutation {unknown}
 t - 3 potions of flight
 v - 5 potions of curing


   Skills:
 - Level 5.0 Fighting
 - Level 14.0 Polearms
 + Level 6.2 Armour
 + Level 6.8 Shields


You had 10 spell levels left.
You didn't know any spells.
Your spell library contained the following spells:

 Spells                   Type           Power      Damage    Failure   Level
 Animate Skeleton         Necr           0%         N/A       69%         1
 Apportation              Tloc           0%         N/A       69%         1
 Beastly Appendage        Tmut           0%         N/A       69%         1
 Corona                   Hex            0%         N/A       69%         1
 Foxfire                  Conj/Fire      0%         2x1d4     69%         1
 Summon Small Mammal      Summ           0%         N/A       69%         1
 Call Imp                 Summ           0%         N/A       83%         2
 Ensorcelled Hibernation  Hex/Ice        0%         N/A       83%         2
 Wereblood                Tmut           0%         N/A       83%         2
 Call Canine Familiar     Summ           0%         N/A       96%         3
 Confusing Touch          Hex            0%         N/A       96%         3
 Conjure Flame            Conj/Fire      0%         6-21      96%         3
 Dazzling Flash           Conj/Hex       0%         N/A       96%         3
 Gell's Gravitas          Tloc           0%         N/A       96%         3
 Inner Flame              Hex/Fire       0%         N/A       96%         3
 Spider Form              Tmut/Pois      0%         N/A       96%         3
 Summon Guardian Golem    Hex/Summ       0%         N/A       96%         3
 Tukima's Dance           Hex            0%         N/A       96%         3
 Ice Form                 Ice/Tmut       0%         N/A       100%        4
 Petrify                  Tmut/Erth      0%         N/A       100%        4
 Sticky Flame             Conj/Fire      0%         2d3       100%        4
 Summon Ice Beast         Ice/Summ       0%         N/A       100%        4
 Summon Lightning Spire   Summ/Air       0%         N/A       100%        4
 Fireball                 Conj/Fire      0%         3d3       100%        5
 Hydra Form               Tmut           0%         N/A       100%        5
 Metabolic Englaciation   Hex/Ice        0%         N/A       100%        5
 Yara's Violent Unravell  Hex/Tmut       0%         3d3       100%        5


Dungeon Overview and Level Annotations

Branches:
Dungeon (9/15)             Temple (0/1) D:4            Lair (1/6) D:9
    Orc: D:9-12

Altars:
Cheibriados
Elyvilon
Hepliaklqana
Makhleb
Qazlal
Sif Muna
Uskayaw
Vehumet
Yredelemnul

Shops:
D:2 *

Annotations:
Lair:1 exclusion: oklob plant


Innate Abilities, Weirdness & Mutations

Your life essence is reduced to manifest your ancestor. (-10% HP)
You cannot be hasted, slowed, berserked, paralysed or teleported.
You can dig through walls and to a lower floor.
You have a pair of large antennae on your head. (SInv)
Your four strong arms can wield two-handed weapons with a shield.


Message History

You block the splash of acid.
Froggeryz hits the bush with a +0 flail.
The oklob plant spits acid at you.
The splash of acid hits you but does no damage.
The acid corrodes you!
You are splashed with acid!
Reach: a) +1 trident (vorpal)
Press: ? - help, Dir - move target, f/p - oklob plant
Aim: an oklob plant (ally target, about 2% to evade your +1 vorpal trident)
The bush is in the way.
You hit the bush but do no damage.
The bush is moderately damaged.
Froggeryz hits the bush but does no damage.
Reach: a) +1 trident (vorpal)
Press: ? - help, Dir - move target, f/p - oklob plant
Aim: an oklob plant (ally target, about 2% to evade your +1 vorpal trident)
The bush is in the way.
You hit the bush but do no damage.
The bush is moderately damaged.
Froggeryz hits the bush with a +0 flail.
Reach: a) +1 trident (vorpal)
Press: ? - help, Dir - move target, f/p - oklob plant
Aim: an oklob plant (ally target, about 2% to evade your +1 vorpal trident)
The bush is in the way.
You hit the bush but do no damage.
The bush is moderately damaged.
Reach: a) +1 trident (vorpal)
Press: ? - help, Dir - move target, f/p - oklob plant
Aim: an oklob plant (ally target, about 2% to evade your +1 vorpal trident)
The bush is in the way.
You hit the bush but do no damage.
The bush is moderately damaged.
Froggeryz completely misses the bush.
The oklob plant spits acid at you. The splash of acid hits you!
You are splashed with acid!
Froggeryz hits the bush with a +0 flail.
The oklob plant spits acid at you. The splash of acid hits you!
* * * LOW HITPOINT WARNING * * *
You are splashed with acid!
* * * LOW HITPOINT WARNING * * *
Froggeryz hits the bush with a +0 flail.
The oklob plant spits acid at you. The splash of acid hits you!
You die...

#.##.#...####.....♣
##....##.##...##...#
##.........#.#......♣
#....##..>##........♣
#
#...#####..##..#R...♣
# #...#
#...##.###...♣ #
#...## ##.#...# ##.#♣
# ##....###..###.#
#.# ##
####.......@..###.#
#.# #.
..........##.#.##.#
#.# #.
#.#.##..####..R$..#
#.#♣ ## .. ## #...#
#.PPP..P# #..♣ # .
#...## ..PPP$.## #..♣
# ##..# #..PPP..#
###♣ # #..# #... .###
# #.># ##...# #
##..###..## #######♣
#


You could see the friendly Froggeryz the knight and an oklob plant (ally
target).

Vanquished Creatures
  2 cane toads (Lair:1)
  3 komodo dragons
  A polar bear (Lair:1)
  A shadow (D:9)
  A basilisk (Lair:1)
  2 yaks (Lair:1)
  A water moccasin (Lair:1)
  A black bear (D:6)
  An ogre (D:6)
  2 centaurs
  A wolf (Lair:1)
  2 phantoms (D:6)
  A kobold brigand (D:6)
  A bullfrog (Lair:1)
  A water moccasin zombie (D:7)
  2 scorpions
  3 howler monkeys
  An electric eel (Lair:1)
  A bullfrog zombie (D:7)
  3 centaur zombies
  A jelly (D:5)
  4 orc priests
  A gnoll shaman (D:6)
  A hound (D:5)
  3 orc wizards
  2 killer bee zombies
  A hound skeleton (D:4)
  7 gnolls
  4 adders
  A shadow imp (D:6)
  A worm (D:2)
  A dart slug (D:1)
  14 orcs
  6 ball pythons
  4 endoplasms
  3 giant cockroaches
  5 goblins
  4 hobgoblins
  3 jackals (D:1)
  5 quokkas
  3 bats
  4 frilled lizards
  14 kobolds
  2 rats (D:1)
125 creatures vanquished.

Vanquished Creatures (collateral kills)
  A cane toad (Lair:1)
  Maggie (D:9)
  A komodo dragon (Lair:1)
  A polar bear (Lair:1)
  A yak (Lair:1)
  A steam dragon (D:8)
  3 water moccasins
  A sky beast (D:6)
  An orc warrior (D:7)
  2 wolves (Lair:1)
  2 centaurs (D:7)
  2 bullfrogs (Lair:1)
  A gnoll sergeant (D:7)
  A scorpion (D:7)
  A water moccasin skeleton (D:4)
  A howler monkey (D:7)
  A hound (D:6)
  A bullfrog skeleton (D:4)
  3 orc wizards
  6 gnolls
  A worm (D:4)
  4 orcs
  A ball python (D:4)
  An endoplasm (D:2)
  A goblin (D:2)
  A hobgoblin (D:4)
  A kobold (D:6)
42 creatures vanquished.

Vanquished Creatures (others)
  3 knights (Lair:1)
  An ancestor (D:2)
  4 fungi (Lair:1)
  35 plants
43 creatures vanquished.

Grand Total: 210 creatures vanquished

Notes
Turn   | Place    | Note
-------+----------+-------------------------------------------
     0 | D:1      | Delamore the Formicid Fighter began the quest for the Orb.
     0 | D:1      | Reached XP level 1. HP: 18/18 MP: 1/1
   318 | D:1      | Reached XP level 2. HP: 24/24 MP: 2/2
   477 | D:1      | Found a faded altar of an unknown god.
   482 | D:1      | Became a worshipper of Hepliaklqana the Forgotten
   482 | D:1      | Reached * piety under Hepliaklqana
   527 | D:1      | Reached XP level 3. HP: 26/26 MP: 3/3
   603 | D:1      | Reached skill level 3 in Polearms
   803 | D:2      | Found a burning altar of Makhleb.
  1185 | D:2      | Reached XP level 4. HP: 33/33 MP: 4/4
  1312 | D:2      | Found Wymnoluecs's Assorted Antiques.
  1340 | D:2      | Bought a scroll labelled FILAZX JUURIOP for 25 gold pieces
  1868 | D:3      | Found a hide-covered altar of Uskayaw.
  1883 | D:3      | Reached skill level 4 in Polearms
  1975 | D:3      | Reached ** piety under Hepliaklqana
  1980 | D:3      | Remembered your ancestor Froggeryz as a knight
  1990 | D:3      | Reached XP level 5. HP: 37/37 MP: 5/5
  2825 | D:2      | Bought 2 pink potions for 45 gold pieces
  2825 | D:2      | Bought a scroll labelled EPPULI LUANWO for 25 gold pieces
  2861 | D:4      | Acquired 1094 gold pieces
  2972 | D:4      | Reached XP level 6. HP: 44/44 MP: 6/6
  3216 | D:4      | Found a staircase to the Ecumenical Temple.
  3237 | D:4      | Reached skill level 5 in Polearms
  3494 | D:4      | Reached skill level 5 in Fighting
  4015 | D:5      | Entered Level 5 of the Dungeon
  4132 | D:5      | Reached skill level 6 in Polearms
  4132 | D:5      | Reached XP level 7. HP: 24/50 MP: 7/7
  4297 | D:5      | Found a stormy altar of Qazlal.
  4323 | D:5      | Reached *** piety under Hepliaklqana
  4562 | D:5      | Found a white marble altar of Elyvilon.
  5011 | D:5      | Found a basalt altar of Yredelemnul.
  5186 | D:6      | Reached skill level 7 in Polearms
  5489 | D:6      | Reached XP level 8. HP: 55/55 MP: 8/8
  5532 | D:6      | Reached skill level 8 in Polearms
  5697 | D:6      | Reached skill level 9 in Polearms
  5836 | D:6      | Reached **** piety under Hepliaklqana
  6225 | D:6      | Found a shimmering blue altar of Sif Muna.
  6737 | D:7      | Found a radiant altar of Vehumet.
  6743 | D:7      | Reached skill level 10 in Polearms
  6745 | D:7      | Reached XP level 9. HP: 54/61 MP: 7/9
  6860 | D:7      | Reached skill level 11 in Polearms
  7704 | D:8      | Found a snail-covered altar of Cheibriados.
  7705 | D:8      | Identified the +0 robe of Ashenzari's Supremacy {*Corrode
                  | rPois Str+2}
  7863 | D:8      | You fall into a shaft and drop 1 floor!
  8057 | D:9      | Noticed Maggie
  8067 | D:9      | Killed Maggie
  8068 | D:9      | Reached skill level 12 in Polearms
  8077 | D:9      | Reached XP level 10. HP: 45/66 MP: 6/10
  8665 | D:9      | Noticed a komodo dragon
  8682 | D:9      | Killed a komodo dragon
  8683 | D:9      | Reached skill level 13 in Polearms
  8756 | D:9      | Found a staircase to the Lair.
  8881 | Lair:1   | Entered Level 1 of the Lair of Beasts
  9035 | Lair:1   | Reached ***** piety under Hepliaklqana
  9212 | Lair:1   | Noticed a cane toad
  9214 | Lair:1   | Noticed a cane toad
  9219 | Lair:1   | Killed a cane toad
  9225 | Lair:1   | Killed a cane toad
  9226 | Lair:1   | Reached skill level 14 in Polearms
  9684 | Lair:1   | Noticed a komodo dragon
  9694 | Lair:1   | Killed a komodo dragon
  9695 | Lair:1   | Reached skill level 5 in Shields
  9724 | Lair:1   | Reached skill level 5 in Armour
  9724 | Lair:1   | Reached XP level 11. HP: 33/71 MP: 5/11
 10299 | Lair:1   | HP: 1/71 [komodo dragon (18)]
 10724 | Lair:1   | Noticed an oklob plant
 10763 | Lair:1   | HP: 1/71 [acid (12)]
 10764 | Lair:1   | Killed from afar by an oklob plant

Illustrated notes

Levels and vault maps discovered:
D:1:      ebering_hopf_link, layout_loops_cross,
          shapermc_ecumenical_altar_hornbeckon, serial_bayou_ford_a,
          minmay_misc_feat_cross, corexii_item_surrounded_by_moat
D:2:      layout_loops_ring, basic_altar, serial_shops,
          nicolae_shop_temple_entry_statues_fountains
D:3:      minmay_door_path, layout_loops_ring, old_standard_altar,
          minmay_misc_feat_more_columns
D:4:      layout_basic, minmay_temple_entry_large_hall
D:5:      layout_basic, kennysheep_ying_yang, nicolae_qazlal_general_emergency
D:6:      layout_layer_cave, led_sif_pool
D:7:      layout_basic, overflow_temple_1_default, grunt_decor_resistance
D:8:      layout_basic, fedhas_altar_2, lightli_temple_of_fire,
          lemuel_crystal_altar, lemuel_another_geyser, uniq_grum
D:9:      layout_basic, david_lair_shrubbed, uniq_maggie
Lair:1:   layout_loops_ring, minmay_lair_oklob_bushes, gammafunk_lair_bear_cave

Skill      XL: |  1  2  3  4  5  6  7  8  9 10 11 |
---------------+----------------------------------+-----
Polearms       | 3 4 6 7 10 12 14 | 14.0
Fighting       | 4 5 |  5.0
Shields        | 5 6 |  6.8
Armour         | 5 6 |  6.2

Action                   |  1- 3 |  4- 6 |  7- 9 | 10-12 || total
-------------------------+-------+-------+-------+-------++-------
Melee: Trident           |   116 |   137 |   180 |   148 ||   581
Throw: Dart              |       |       |     5 |     2 ||     7
Invok: Ancestor Life: Kn |       |     1 |       |       ||     1
       Ancestor Identity |       |     1 |     1 |       ||     2
       Recall Ancestor   |       |     2 |     1 |       ||     3
 Abil: Dig               |       |       |     3 |     5 ||     8
Evoke: Wand              |       |       |     3 |       ||     3
  Use: Scroll            |     5 |     5 |     6 |     3 ||    19
       Potion            |       |       |       |     1 ||     1
 Stab: Distracted        |     1 |       |     2 |     1 ||     4
Armor: Scale mail        |    48 |    34 |    11 |       ||    93
       Chain mail        |       |       |    27 |       ||    27
       Swamp dragon scal |       |       |       |    17 ||    17
Dodge: Dodged            |    33 |    36 |    42 |    30 ||   141
Block: Kite shield       |    57 |    63 |    61 |    38 ||   219

Table legend: (Time is in decaauts)
 A = Elapsed time spent in this place.
 B = Non-inter-level travel time spent in this place.
 C = Inter-level travel time spent in this place.
 D = Time resting spent in this place.
 E = Time spent auto-exploring this place.
 F = Levels seen in this place.
 G = Mean time per level.
                   A        B        C        D        E       F      G
               +--------+--------+--------+--------+--------+-----+--------+
         Total |  10825 |  10558 |    267 |   1700 |   7503 |  10 | 1082.5 |
       Dungeon |   8968 |   8701 |    267 |    920 |   6726 |   9 |  996.4 |
          Lair |   1856 |   1856 |      0 |    780 |    777 |   1 | 1856.0 |
               +--------+--------+--------+--------+--------+-----+--------+

Top non-repeatable levels by time:
  Lair:1: 1856 daAuts
     D:6: 1519 daAuts
     D:5: 1171 daAuts
     D:4: 1169 daAuts
     D:2: 1104 daAuts
     D:9: 1011 daAuts
     D:3: 987 daAuts
     D:7: 900 daAuts
     D:1: 841 daAuts
     D:8: 263 daAuts
